[Event "POR-ch Absolute 2019"]
[Site "Portimao"]
[Date "2019.09.11"]
[Round "4"]
[White "Galego, Luis"]
[Black "Veiga, Jose Francisco R P N"]
[Result "1-0"]
[ECO "A47"]
[WhiteElo "2501"]
[BlackElo "2345"]
[Annotator "ChessBase"]
[PlyCount "87"]
[EventDate "2019.??.??"]
[EventCountry "POR"]
[SourceTitle "playchess.com"]
[Source "ChessBase"]
[SourceQuality "1"]
[TimeControl "5400+30"]

1. d4 Nf6 2. Nf3 e6 3. e3 c5 4. Bd3 b6 5. O-O Bb7 6. Nbd2 Be7 7. e4 cxd4 8. Nxd4 d6 9. c4 O-O 10. b3 Nbd7 11. Re1 Rc8 12. Bb2 Re8 13. Rc1 Qc7 14. b4 Qb8 15. a3 Ne5 16. Bf1 Bf8 17. N4f3 Nfd7 18. Nxe5 dxe5 19. Nf3 Red8 20. Qb3 Be7 21. h3 Bf6 22. Qe3 a5 23. Bc3 Qa8 24. h4 Ba6 25. Bb2 Qb8 26. g3 Qc7 27. Red1 Be7 28. Qb3 Bb7 29. Re1 Bd6 30. Bc3 Nb8 31. Rb1 Ba8 32. Qb2 f6 33. Qb3 Nc6 34. c5 bxc5 35. Qxe6+ Kh8 36. b5 Nd4 37. Bxd4 cxd4 38. b6 Qd7 39. Qxd7 Rxd7 40. Bh3 Rcd8 41. Bxd7 Rxd7 42. Rec1 Bb7 43. Nd2 d3 44. Rc3 1-0

[Event "POR-ch Absolute 2019"]
[Site "Portimao"]
[Date "2019.09.11"]
[Round "4"]
[White "Damaso, Rui"]
[Black "Rocha, Sergio"]
[Result "1-0"]
[ECO "A14"]
[WhiteElo "2416"]
[BlackElo "2356"]
[Annotator "NA"]
[PlyCount "101"]
[EventDate "2019.??.??"]
[EventCountry "POR"]
[SourceTitle "playchess.com"]
[Source "ChessBase"]
[SourceQuality "1"]
[TimeControl "5400+30"]

1. c4 Nf6 2. g3 e6 3. Bg2 d5 4. Nf3 Be7 5. b3 O-O 6. O-O c5 7. e3 Nc6 8. Bb2 b6 9. Qe2 Bb7 10. Rd1 Qc7 11. Nc3 dxc4 12. Nb5 Qb8 13. bxc4 a6 14. Nc3 Qc7 15. Rab1 Na5 16. Ba1 Nd7 17. d3 Bf6 18. h4 Rab8 19. a4 Rfd8 20. h5 h6 21. Nh2 Bxg2 22. Kxg2 Nc6 23. f4 Ne7 24. Ng4 Kf8 25. Kf2 Qc6 26. Nxf6 Nxf6 27. g4 Rb7 28. Rg1 Rbd7 29. Rbd1 Qd6 30. Qb2 e5 31. Ne2 Qe6 32. f5 Nxf5 33. Qxe5 Ne7 34. Qxe6 fxe6 35. Nf4 Kf7 36. Ke2 Nc6 37. g5 hxg5 38. Rxg5 Rh8 39. Rb1 Rd6 40. Bc3 a5 41. Rf1 Ne7 42. e4 Rc6 43. e5 Nh7 44. Ng6+ Ke8 45. Nxe7 Kxe7 46. Rxg7+ Kd8 47. Rff7 Nf8 48. Bd2 Ke8 49. h6 Rc8 50. Re7+ Kd8 51. Bg5 1-0

[Event "POR-ch Absolute 2019"]
[Site "Portimao"]
[Date "2019.09.11"]
[Round "4"]
[White "Fernandes, Antonio"]
[Black "Leonardo, Joao"]
[Result "1-0"]
[ECO "E62"]
[WhiteElo "2368"]
[BlackElo "2177"]
[Annotator "NA"]
[PlyCount "73"]
[EventDate "2019.??.??"]
[EventCountry "POR"]
[SourceTitle "playchess.com"]
[Source "ChessBase"]
[SourceQuality "1"]
[TimeControl "5400+30"]

1. Nf3 d6 2. d4 Nf6 3. g3 g6 4. Bg2 Bg7 5. O-O O-O 6. c4 Nc6 7. Nc3 Bg4 8. h3 Bxf3 9. Bxf3 Nd7 10. e3 e5 11. dxe5 Ndxe5 12. Be2 Nd7 13. Qc2 Nc5 14. a3 Qd7 15. Kh2 Rae8 16. Bd2 Ne6 17. f4 f5 18. b4 Kh8 19. Rae1 Ne7 20. Bf3 c6 21. Rd1 Qc7 22. Be1 Rd8 23. Qb3 Rfe8 24. Bf2 a6 25. Rd2 Nc8 26. Rfd1 Qf7 27. e4 Qf6 28. Rd3 h6 29. c5 dxc5 30. bxc5 Rxd3 31. Rxd3 Qe7 32. Qc4 Bf8 33. exf5 gxf5 34. Bh5 Rd8 35. Re3 Rd2 36. Rxe6 Qxc5 37. Rxh6+ 1-0

[Event "POR-ch Absolute 2019"]
[Site "Portimao"]
[Date "2019.09.11"]
[Round "4"]
[White "Dias, Paulo"]
[Black "Fidalgo, Andre Neves"]
[Result "1/2-1/2"]
[ECO "D85"]
[WhiteElo "2322"]
[BlackElo "2261"]
[Annotator "NA"]
[PlyCount "64"]
[EventDate "2019.??.??"]
[EventCountry "POR"]
[SourceTitle "playchess.com"]
[Source "ChessBase"]
[SourceQuality "1"]
[TimeControl "5400+30"]

1. d4 Nf6 2. c4 g6 3. Nc3 d5 4. cxd5 Nxd5 5. e4 Nxc3 6. bxc3 Bg7 7. Be3 c5 8. Qd2 Qa5 9. Nf3 O-O 10. Rc1 Rd8 11. d5 e6 12. Be2 b6 13. O-O Nc6 14. Bg5 f6 15. Bf4 Ba6 16. c4 Qxd2 17. Bxd2 Ne7 18. Rfe1 h6 19. h4 Re8 20. Bd3 Rad8 21. a4 f5 22. Bb1 fxe4 23. Bxe4 exd5 24. cxd5 Kf7 25. Rcd1 Bc4 26. Bxh6 Nxd5 27. Bxd5+ Rxd5 28. Ng5+ Kf6 29. Nh7+ Kf7 30. Ng5+ Kf6 31. Nh7+ Kf7 32. Ng5+ Kf6 1/2-1/2

[Event "POR-ch Absolute 2019"]
[Site "Portimao"]
[Date "2019.09.11"]
[Round "4"]
[White "Rego, Pedro Filipe"]
[Black "Sousa, Andre Ventura"]
[Result "1/2-1/2"]
[ECO "C67"]
[WhiteElo "2235"]
[BlackElo "2362"]
[Annotator "NA"]
[PlyCount "161"]
[EventDate "2019.??.??"]
[EventCountry "POR"]
[SourceTitle "playchess.com"]
[Source "ChessBase"]
[SourceQuality "1"]
[TimeControl "5400+30"]

1. e4 e5 2. Nf3 Nc6 3. Bb5 Nf6 4. O-O Nxe4 5. Re1 Nd6 6. Nxe5 Be7 7. Bf1 Nxe5 8. Rxe5 O-O 9. d4 Bf6 10. Re2 b6 11. Re1 Re8 12. c3 Bb7 13. Bf4 Rxe1 14. Qxe1 Qe7 15. Qxe7 Bxe7 16. Nd2 Re8 17. Re1 Bd8 18. Rxe8+ Nxe8 19. Bd3 g5 20. Bg3 Ng7 21. f3 h5 22. Nc4 h4 23. Be1 Ne6 24. Bd2 h3 25. gxh3 Bxf3 26. Ne5 Bd5 27. Nxd7 Bxa2 28. Be4 Be7 29. Ne5 Bd6 30. Ng4 Kf8 31. Nf6 Ke7 32. Ng8+ Ke8 33. Nf6+ Kd8 34. Kg2 Nf4+ 35. Kf3 Ne6 36. d5 Ke7 37. Ng8+ Kf8 38. dxe6 Kxg8 39. exf7+ Kxf7 40. Bxg5 Bxh2 41. Bf4 Bxf4 42. Kxf4 Kf6 43. Bf5 a5 44. Bd7 Bd5 45. h4 c6 46. h5 b5 47. Ke3 b4 48. cxb4 axb4 49. Kd4 Kg5 50. Be8 b3 51. Kc5 Bf3 52. Kb4 Bd5 53. Bg6 Kh6 54. Kc5 Kg5 55. Kd4 Kh6 56. Kc5 Kg5 57. Be8 Bf3 58. Bf7 Kf6 59. Bxb3 Bxh5 60. Kxc6 Ke7 61. Bc4 Kd8 62. Ba6 Bf3+ 63. Kb6 Bd5 64. b4 Bf3 65. Ka7 Bc6 66. Bb7 Bb5 67. Kb6 Bd3 68. Ba6 Be4 69. Ka7 Bc6 70. Kb8 Bd7 71. Kb7 Ba4 72. Be2 Bd7 73. Bd3 Ba4 74. Ba6 Bd7 75. Kb6 Ba4 76. Bb5 Bc2 77. Kb7 Be4+ 78. Kb8 Bd5 79. Ba6 Bc6 80. b5 Bxb5 81. Bxb5 1/2-1/2

[Event "POR-ch Absolute 2019"]
[Site "Portimao"]
[Date "2019.09.12"]
[Round "5.3"]
[White "Leonardo, Joao"]
[Black "Damaso, Rui"]
[Result "0-1"]
[ECO "A00"]
[WhiteElo "2177"]
[BlackElo "2416"]
[Annotator "RC"]
[PlyCount "88"]
[EventDate "2019.09.07"]
[EventType "tourn"]
[EventCountry "POR"]
[SourceTitle "playchess.com"]
[Source "ChessBase"]
[SourceQuality "1"]
[TimeControl "5400+30"]

1. d3 b6 2. Nf3 Bb7 3. Nbd2 g6 4. e4 c5 5. g3 Bg7 6. Bg2 e6 7. O-O Ne7 8. e5 O-O 9. Re1 d6 10. exd6 Nf5 11. Ne4 Nc6 12. Bg5 f6 13. Bd2 e5 14. Bc3 Nxd6 15. Nxd6 Qxd6 16. Nd2 Qc7 17. a4 Rad8 18. Qe2 Rfe8 19. h4 f5 20. Kh2 Nd4 21. Bxd4 Bxg2 22. Kxg2 cxd4 23. Nc4 e4 24. Qf1 Re6 25. Kg1 Rde8 26. Qg2 Bf8 27. Re2 Bb4 28. Kh2 a6 29. Qf1 Kg7 30. Rc1 b5 31. axb5 axb5 32. Na3 Qd7 33. dxe4 fxe4 34. Rd1 Ba5 35. Qh3 Qd5 36. Qg2 Bb6 37. Nb1 Qh5 38. Rde1 Ba5 39. c3 Qf5 40. b4 d3 41. Ra2 Bb6 42. Rf1 Rf8 43. Nd2 Qxf2 44. Rxf2 Rxf2 0-1

[Event "POR-ch Absolute 2019"]
[Site "Portimao"]
[Date "2019.09.12"]
[Round "6.1"]
[White "Rego, Pedro Filipe"]
[Black "Dias, Paulo"]
[Result "1/2-1/2"]
[ECO "B06"]
[WhiteElo "2235"]
[BlackElo "2322"]
[Annotator "NA"]
[PlyCount "49"]
[EventDate "2019.09.07"]
[EventType "tourn"]
[EventCountry "POR"]
[SourceTitle "playchess.com"]
[Source "ChessBase"]
[SourceQuality "1"]
[TimeControl "5400+30"]

1. e4 g6 2. d4 Bg7 3. Nc3 c6 4. g3 d5 5. exd5 cxd5 6. Bg2 Nf6 7. Bg5 Nc6 8. Nge2 e6 9. Qd2 b5 10. Nxb5 Rb8 11. c4 Na5 12. Qf4 Rb6 13. Nxa7 Ba6 14. Nb5 O-O 15. b3 dxc4 16. bxc4 Nxc4 17. Nbc3 e5 18. dxe5 Nxe5 19. O-O Nd3 20. Qa4 Qc8 21. Rab1 Nb2 22. Qa5 Nc4 23. Qa4 Nb2 24. Qa5 Nc4 25. Qa4 1/2-1/2

[Event "POR-ch Absolute 2019"]
[Site "Portimao"]
[Date "2019.09.12"]
[Round "6.2"]
[White "Fernandes, Antonio"]
[Black "Sousa, Andre Ventura"]
[Result "0-1"]
[ECO "C55"]
[WhiteElo "2368"]
[BlackElo "2362"]
[Annotator "NA"]
[PlyCount "78"]
[EventDate "2019.09.07"]
[EventType "tourn"]
[EventCountry "POR"]
[SourceTitle "playchess.com"]
[Source "ChessBase"]
[SourceQuality "1"]
[TimeControl "5400+30"]

1. e4 e5 2. Nf3 Nc6 3. Bc4 Nf6 4. Qe2 Be7 5. O-O O-O 6. c3 d5 7. exd5 Nxd5 8. d3 Bg4 9. h3 Bh5 10. g4 Bg6 11. Nxe5 Nxe5 12. Qxe5 c6 13. Bxd5 cxd5 14. Bf4 f5 15. g5 Bxg5 16. Na3 Re8 17. Bxg5 Qxg5+ 18. Qg3 Qxg3+ 19. fxg3 Re3 20. Kg2 Rxd3 21. Rad1 Rxd1 22. Rxd1 Bf7 23. Nc2 Re8 24. Kf2 g5 25. Ne3 Re5 26. Rd4 Kg7 27. Ra4 a6 28. Rb4 b5 29. a4 Be8 30. axb5 axb5 31. Rd4 Bc6 32. h4 h6 33. hxg5 hxg5 34. Rd1 Kg6 35. b4 f4 36. gxf4 gxf4 37. Ng2 Re4 38. Rd4 Kf5 39. Rd3 Ke5 0-1

[Event "POR-ch Absolute 2019"]
[Site "Portimao"]
[Date "2019.09.12"]
[Round "6.3"]
[White "Damaso, Rui"]
[Black "Fidalgo, Andre Neves"]
[Result "1-0"]
[ECO "A16"]
[WhiteElo "2416"]
[BlackElo "2261"]
[Annotator "NA"]
[PlyCount "59"]
[EventDate "2019.09.07"]
[EventType "tourn"]
[EventCountry "POR"]
[SourceTitle "playchess.com"]
[Source "ChessBase"]
[SourceQuality "1"]
[TimeControl "5400+30"]

1. c4 Nf6 2. Nc3 d5 3. cxd5 Nxd5 4. g3 g6 5. Bg2 Nb6 6. d3 Bg7 7. Be3 O-O 8. Qd2 Nc6 9. Bxc6 bxc6 10. Bh6 Nd5 11. Bxg7 Kxg7 12. Rc1 Rb8 13. Nf3 f6 14. Ne4 Bh3 15. Rg1 Bg4 16. Nd4 Nb4 17. Rc4 e5 18. Nxc6 Nxc6 19. Rxc6 Rf7 20. Qc3 Rb6 21. Rc5 Qb8 22. b3 Qb7 23. f3 Bf5 24. Nd2 Ra6 25. g4 Be6 26. g5 Rxa2 27. gxf6+ Kg8 28. Rg5 Qa6 29. Rc6 Qc8 30. Rxe5 1-0

[Event "POR-ch Absolute 2019"]
[Site "Portimao"]
[Date "2019.09.12"]
[Round "6.4"]
[White "Galego, Luis"]
[Black "Leonardo, Joao"]
[Result "1-0"]
[ECO "B06"]
[WhiteElo "2501"]
[BlackElo "2177"]
[Annotator "ChessBase"]
[PlyCount "95"]
[EventDate "2019.09.07"]
[EventType "tourn"]
[EventCountry "POR"]
[SourceTitle "playchess.com"]
[Source "ChessBase"]
[SourceQuality "1"]
[TimeControl "5400+30"]

1. d4 g6 2. e4 Bg7 3. c3 d6 4. Nf3 c6 5. h3 Nf6 6. Bd3 O-O 7. O-O Nbd7 8. e5 Ne8 9. exd6 exd6 10. Bg5 Bf6 11. Bf4 Bg7 12. Nbd2 d5 13. Re1 Ndf6 14. a4 Nd6 15. a5 Re8 16. a6 Nfe4 17. axb7 Bxb7 18. Qc2 f5 19. Be5 Nxd2 20. Nxd2 Bxe5 21. dxe5 Ne4 22. Bxe4 fxe4 23. Nxe4 Rxe5 24. Nc5 Rxe1+ 25. Rxe1 Bc8 26. Qa4 Bd7 27. Qf4 Rc8 28. h4 Bf5 29. h5 Qf8 30. hxg6 Bxg6 31. Qd4 Re8 32. Re3 Qf7 33. b4 Re7 34. f3 Bf5 35. Kf2 Qe8 36. Qf4 Rxe3 37. Qxe3 Qd8 38. Qe5 Bc8 39. Qg3+ Kf8 40. Qf4+ Kg8 41. Nb3 Be6 42. Nd4 Bd7 43. Qd6 Kf7 44. g4 Kg8 45. Ne2 Qe8 46. Nf4 Bc8 47. Nh5 Qe6 48. Qc7 1-0

[Event "POR-ch Absolute 2019"]
[Site "Portimao"]
[Date "2019.09.12"]
[Round "6.5"]
[White "Veiga, Jose Francisco R P N"]
[Black "Rocha, Sergio"]
[Result "0-1"]
[ECO "B01"]
[WhiteElo "2345"]
[BlackElo "2356"]
[Annotator "NA"]
[PlyCount "58"]
[EventDate "2019.09.07"]
[EventType "tourn"]
[EventCountry "POR"]
[SourceTitle "playchess.com"]
[Source "ChessBase"]
[SourceQuality "1"]
[TimeControl "5400+30"]

1. e4 d5 2. exd5 Qxd5 3. Nc3 Qa5 4. d4 Nf6 5. Nf3 c6 6. Bc4 Bf5 7. Bd2 e6 8. Qe2 Bb4 9. O-O Nbd7 10. a3 Bxc3 11. Bxc3 Qc7 12. Ba2 O-O 13. Rac1 b5 14. Bd2 Be4 15. Ng5 Bd5 16. b3 h6 17. Nh3 Be4 18. Rfd1 Bf5 19. Bf4 Qa5 20. Bd6 Rfe8 21. Nf4 Ne4 22. Bb4 Qc7 23. Nd3 a5 24. Be1 Qd6 25. b4 Ndf6 26. Ne5 axb4 27. Bxb4 c5 28. dxc5 Qxe5 29. f3 Qb2 0-1

[Event "POR-ch Absolute 2019"]
[Site "Portimao"]
[Date "2019.09.13"]
[Round "7.1"]
[White "Rocha, Sergio"]
[Black "Rego, Pedro Filipe"]
[Result "1/2-1/2"]
[ECO "A58"]
[WhiteElo "2356"]
[BlackElo "2235"]
[Annotator "NA"]
[PlyCount "59"]
[EventDate "2019.09.07"]
[EventType "tourn"]
[EventCountry "POR"]
[SourceTitle "playchess.com"]
[Source "ChessBase"]
[SourceQuality "1"]
[TimeControl "5400+30"]

1. d4 Nf6 2. c4 c5 3. d5 b5 4. cxb5 a6 5. bxa6 g6 6. Nc3 Bg7 7. e4 O-O 8. Nf3 Qa5 9. Bd2 Bxa6 10. Bxa6 Qxa6 11. Qe2 e6 12. dxe6 fxe6 13. Be3 Rc8 14. Qxa6 Nxa6 15. O-O Nb4 16. Bg5 d5 17. Bxf6 Bxf6 18. exd5 Nxd5 19. Rfc1 Nxc3 20. bxc3 Ra3 21. Rc2 Rca8 22. h4 Bxc3 23. Rb1 Bb4 24. Rbb2 Rd3 25. Ng5 Ra6 26. Ne4 Ra5 27. Re2 Ra6 28. Rec2 Ra5 29. Re2 Ra6 30. Rec2 1/2-1/2

[Event "POR-ch Absolute 2019"]
[Site "Portimao"]
[Date "2019.09.13"]
[Round "7.2"]
[White "Leonardo, Joao"]
[Black "Veiga, Jose Francisco R P N"]
[Result "1/2-1/2"]
[ECO "C68"]
[WhiteElo "2177"]
[BlackElo "2345"]
[Annotator "NA"]
[PlyCount "75"]
[EventDate "2019.09.07"]
[EventType "tourn"]
[EventCountry "POR"]
[SourceTitle "playchess.com"]
[Source "ChessBase"]
[SourceQuality "1"]
[TimeControl "5400+30"]

1. e4 e5 2. Nf3 Nc6 3. Bb5 a6 4. Bxc6 dxc6 5. O-O Ne7 6. d4 exd4 7. Nxd4 c5 8. Nb3 Qxd1 9. Rxd1 Ng6 10. Nc3 Bd7 11. Be3 b6 12. Nd5 O-O-O 13. f3 f5 14. Nd2 Be6 15. c4 Bd6 16. Rab1 f4 17. Bf2 a5 18. a3 Kb7 19. b4 cxb4 20. axb4 Bxd5 21. c5 Ba2 22. Rb2 Be5 23. Rxa2 axb4 24. cxb6 cxb6 25. Rb1 Bc3 26. Nc4 b5 27. Ra7+ Kb8 28. Na5 Ne5 29. Rb7+ Kc8 30. Rxb5 Nd3 31. Nc6 Rde8 32. Rd1 Kc7 33. Rxd3 Kxc6 34. Rb6+ Kc7 35. Rdd6 Ra8 36. Rbc6+ Kb7 37. Rb6+ Kc7 38. Rbc6+ 1/2-1/2

[Event "POR-ch Absolute 2019"]
[Site "Portimao"]
[Date "2019.09.13"]
[Round "7.3"]
[White "Fidalgo, Andre Neves"]
[Black "Galego, Luis"]
[Result "1-0"]
[ECO "A41"]
[WhiteElo "2261"]
[BlackElo "2501"]
[Annotator "ChessBase"]
[PlyCount "131"]
[EventDate "2019.09.07"]
[EventType "tourn"]
[EventCountry "POR"]
[SourceTitle "playchess.com"]
[Source "ChessBase"]
[SourceQuality "1"]
[TimeControl "5400+30"]

1. d4 d6 2. c4 e5 3. Nf3 exd4 4. Nxd4 Nf6 5. Nc3 Be7 6. e4 O-O 7. Be2 Re8 8. O-O Bf8 9. f3 c6 10. Rb1 a6 11. Bg5 Nbd7 12. Qd2 h6 13. Be3 d5 14. exd5 cxd5 15. Bf2 Nb6 16. cxd5 Nbxd5 17. Rfd1 Bb4 18. Bf1 Nxc3 19. bxc3 Bc5 20. Qb2 Qc7 21. Bg3 Qa5 22. Kh1 Nh5 23. Bf2 Qc7 24. Qb3 Bd6 25. Qd5 Be5 26. g3 Nf6 27. Qb3 Rb8 28. Rbc1 Bd7 29. c4 b6 30. Kg1 Red8 31. Rc2 Bd6 32. Rcd2 Bc5 33. Qb2 Ba4 34. Nb3 Bxf2+ 35. Kxf2 Re8 36. Rd6 Bxb3 37. axb3 Qc5+ 38. Qd4 Qb4 39. Qd3 Re7 40. Rd8+ Rxd8 41. Qxd8+ Re8 42. Qd3 a5 43. Rd2 g6 44. Rd1 Kg7 45. Rd2 h5 46. h4 Re5 47. Qd6 Rc5 48. Rd3 b5 49. Rd4 bxc4 50. Rf4 Nd5 51. Rd4 Qb6 52. Qxb6 Nxb6 53. bxc4 a4 54. Rd2 Ra5 55. Ke3 a3 56. Ra2 Kf6 57. Kd4 Nd7 58. Be2 Ke6 59. Kc3 Ne5 60. f4 Nd7 61. Kb4 Ra8 62. Rxa3 Rxa3 63. Kxa3 Nc5 64. Bf3 f6 65. Kb4 g5 66. Kxc5 {[%emt 0:00:37] Kd5+} 1-0

[Event "POR-ch Absolute 2019"]
[Site "Portimao"]
[Date "2019.09.13"]
[Round "7.4"]
[White "Sousa, Andre Ventura"]
[Black "Damaso, Rui"]
[Result "1/2-1/2"]
[ECO "B32"]
[WhiteElo "2362"]
[BlackElo "2416"]
[Annotator "NA"]
[PlyCount "83"]
[EventDate "2019.09.07"]
[EventType "tourn"]
[EventCountry "POR"]
[SourceTitle "playchess.com"]
[Source "ChessBase"]
[SourceQuality "1"]
[TimeControl "5400+30"]

1. e4 c5 2. Nf3 Nc6 3. d4 cxd4 4. Nxd4 Qb6 5. Nb3 Nf6 6. Nc3 e6 7. Be3 Qc7 8. Bd3 Bb4 9. O-O Bxc3 10. bxc3 e5 11. f4 d6 12. fxe5 dxe5 13. Qf3 h6 14. Bc4 Be6 15. Bd5 Bxd5 16. exd5 e4 17. Qd1 Rd8 18. c4 Ne7 19. Qd4 b5 20. Rxf6 gxf6 21. Qxf6 Rg8 22. Rf1 Ng6 23. Bc5 Rd7 24. d6 Qd8 25. Qf5 Qh4 26. g3 bxc4 27. Re1 cxb3 28. Rxe4+ Ne7 29. Rxe7+ Qxe7 30. dxe7 Rg5 31. Qe4 Rxc5 32. axb3 Rd1+ 33. Kf2 Rd2+ 34. Kf3 Rdxc2 35. Qa8+ Kxe7 36. Qxa7+ Kf6 37. Qb6+ Rc6 38. Qd4+ Kg6 39. Qe4+ Kg7 40. Kg4 R6c5 41. Qd4+ Kg6 42. Qd6+ 1/2-1/2

[Event "POR-ch Absolute 2019"]
[Site "Portimao"]
[Date "2019.09.13"]
[Round "7.5"]
[White "Dias, Paulo"]
[Black "Fernandes, Antonio"]
[Result "1/2-1/2"]
[ECO "E21"]
[WhiteElo "2322"]
[BlackElo "2368"]
[Annotator "NA"]
[PlyCount "116"]
[EventDate "2019.09.07"]
[EventType "tourn"]
[EventCountry "POR"]
[SourceTitle "playchess.com"]
[Source "ChessBase"]
[SourceQuality "1"]
[TimeControl "5400+30"]

1. d4 Nf6 2. c4 e6 3. Nc3 Bb4 4. Nf3 c5 5. g3 cxd4 6. Nxd4 Nc6 7. Bg2 Qb6 8. Nc2 Be7 9. O-O d6 10. b4 O-O 11. e4 Ne5 12. Qe2 Bd7 13. Be3 Qa6 14. b5 Qa5 15. Bd4 Rac8 16. Ne3 Nxc4 17. Nxc4 Qb4 18. e5 dxe5 19. Bxe5 Qxc4 20. Bxb7 Qxe2 21. Nxe2 Rc5 22. Bd4 Rxb5 23. Rfb1 Rb8 24. Rxb5 Bxb5 25. Bf3 a6 26. Nc3 Bc4 27. Be5 Rd8 28. Rb1 Nd7 29. Bc7 Rc8 30. Ba5 Nc5 31. Rb4 Bd3 32. Rd4 e5 33. Rd5 e4 34. Nxe4 Bxe4 35. Bxe4 Nxe4 36. Re5 f5 37. Rxe7 Rc2 38. Bb6 Rxa2 39. Bd4 g6 40. Rg7+ Kf8 41. Rxh7 Ng5 42. Bc5+ Kg8 43. Re7 Rc2 44. Be3 f4 45. gxf4 Nf3+ 46. Kg2 Nh4+ 47. Kh3 Nf5 48. Re6 Kf7 49. Rxa6 Rc3 50. Kg4 Nxe3+ 51. fxe3 Rxe3 52. Kg5 Re2 53. Rf6+ Ke7 54. Rxg6 Rxh2 55. Rg7+ Kf8 56. Ra7 Rb2 57. f5 Rb6 58. Rc7 Rd6 1/2-1/2

[Event "POR-ch Absolute 2019"]
[Site "Portimao"]
[Date "2019.09.14"]
[Round "8.1"]
[White "Rego, Pedro Filipe"]
[Black "Fernandes, Antonio"]
[Result "0-1"]
[ECO "B20"]
[WhiteElo "2235"]
[BlackElo "2368"]
[Annotator "NA"]
[PlyCount "62"]
[EventDate "2019.09.07"]
[EventType "tourn"]
[EventCountry "POR"]
[SourceTitle "playchess.com"]
[Source "ChessBase"]
[SourceQuality "1"]
[TimeControl "5400+30"]

1. e4 c5 2. c4 Nc6 3. Nc3 d6 4. g3 h5 5. h3 Bd7 6. Bg2 a6 7. Nge2 Rb8 8. a4 Nf6 9. d3 Qc8 10. Bg5 e6 11. Qd2 Be7 12. O-O Nd4 13. Nxd4 cxd4 14. Ne2 e5 15. Kh2 Ng8 16. Bxe7 Nxe7 17. Qg5 Kf8 18. b4 a5 19. Qd2 f6 20. bxa5 Qc7 21. Nc1 Nc6 22. Nb3 Ra8 23. Rfb1 Nd8 24. Rc1 Ne6 25. Rcb1 h4 26. Qb4 Ke7 27. Qb6 Qxb6 28. axb6 Rxa4 29. Rxa4 Bxa4 30. Na5 Nc5 31. Bf3 Ra8 0-1

[Event "POR-ch Absolute 2019"]
[Site "Portimao"]
[Date "2019.09.14"]
[Round "8.2"]
[White "Damaso, Rui"]
[Black "Dias, Paulo"]
[Result "1/2-1/2"]
[ECO "B10"]
[WhiteElo "2416"]
[BlackElo "2322"]
[Annotator "NA"]
[PlyCount "27"]
[EventDate "2019.09.07"]
[EventType "tourn"]
[EventCountry "POR"]
[SourceTitle "playchess.com"]
[Source "ChessBase"]
[SourceQuality "1"]
[TimeControl "5400+30"]

1. e4 c6 2. Nf3 d5 3. Nc3 g6 4. d4 Bg7 5. h3 Nf6 6. e5 Ne4 7. Bd3 Nxc3 8. bxc3 O-O 9. O-O c5 10. dxc5 Nd7 11. Bf4 Nxc5 12. Qc1 Be6 13. Bh6 Rc8 14. Re1 1/2-1/2

[Event "POR-ch Absolute 2019"]
[Site "Portimao"]
[Date "2019.09.14"]
[Round "8.4"]
[White "Veiga, Jose Francisco R P N"]
[Black "Fidalgo, Andre Neves"]
[Result "0-1"]
[ECO "B33"]
[WhiteElo "2345"]
[BlackElo "2261"]
[Annotator "NA"]
[PlyCount "122"]
[EventDate "2019.09.07"]
[EventType "tourn"]
[EventCountry "POR"]
[SourceTitle "playchess.com"]
[Source "ChessBase"]
[SourceQuality "1"]
[TimeControl "5400+30"]

1. e4 c5 2. Nf3 Nc6 3. d4 cxd4 4. Nxd4 Nf6 5. Nc3 e5 6. Ndb5 d6 7. Bg5 a6 8. Na3 b5 9. Nd5 Be7 10. Bxf6 Bxf6 11. c4 b4 12. Nc2 O-O 13. h4 a5 14. b3 Be6 15. g3 Rb8 16. Qd3 Kh8 17. Rd1 Bxd5 18. cxd5 Nd4 19. Nxd4 exd4 20. Bh3 Qc7 21. Ke2 a4 22. Rc1 Qa5 23. f4 Ra8 24. Bd7 axb3 25. axb3 Qd8 26. Ba4 Rc8 27. Bc6 Qe7 28. Kf3 g6 29. Ra1 Bg7 30. Ra4 f5 31. Re1 Rfe8 32. Re2 fxe4+ 33. Rxe4 Qxe4+ 34. Qxe4 Rxe4 35. Kxe4 Rb8 36. Bd7 Bf6 37. Be6 Rb7 38. Ra8+ Kg7 39. g4 Bxh4 40. Rg8+ Kh6 41. g5+ Kh5 42. Rc8 d3 43. Kxd3 Ra7 44. Ke4 Bg3 45. Rc1 Bh2 46. Rc2 Bg3 47. Rg2 Kh4 48. Rg1 Ra2 49. f5 Bh2 50. fxg6 hxg6 51. Rg4+ Kh5 52. Kd3 Be5 53. Rxb4 Kxg5 54. Rb8 Kh4 55. b4 g5 56. b5 Rb2 57. b6 g4 58. b7 g3 59. Ke4 Bg7 60. Rc8 g2 61. Rc1 Kg3 {[%emt 0:00:20] Kd4} 0-1

[Event "POR-ch Absolute 2019"]
[Site "Portimao"]
[Date "2019.09.14"]
[Round "8.5"]
[White "Rocha, Sergio"]
[Black "Leonardo, Joao"]
[Result "1-0"]
[ECO "E91"]
[WhiteElo "2356"]
[BlackElo "2177"]
[Annotator "NA"]
[PlyCount "73"]
[EventDate "2019.09.07"]
[EventType "tourn"]
[EventCountry "POR"]
[SourceTitle "playchess.com"]
[Source "ChessBase"]
[SourceQuality "1"]
[TimeControl "5400+30"]

1. d4 g6 2. c4 Bg7 3. Nf3 d6 4. Nc3 Nf6 5. e4 O-O 6. Be2 Bg4 7. Be3 Nfd7 8. O-O e5 9. d5 a5 10. Ne1 Bxe2 11. Qxe2 Na6 12. Nd3 f5 13. f3 Qh4 14. Rad1 Bh6 15. Bf2 Qh5 16. a3 Nf6 17. c5 Rf7 18. Rfe1 Raf8 19. c6 bxc6 20. dxc6 Nb8 21. Nd5 Nxc6 22. Nxf6+ Rxf6 23. Qc2 Nd8 24. Qxc7 Nf7 25. Qxa5 Ng5 26. Qd5+ Kh8 27. exf5 gxf5 28. Kh1 Bg7 29. Bg1 Rg6 30. a4 Rg8 31. a5 Bf6 32. a6 Nh3 33. Rd2 Nxg1 34. Kxg1 Bd8 35. Kf1 Qxh2 36. a7 Rxg2 37. Qxg8+ 1-0

[Event "POR-ch Absolute 2019"]
[Site "Portimao"]
[Date "2019.09.15"]
[Round "9.1"]
[White "Leonardo, Joao"]
[Black "Rego, Pedro Filipe"]
[Result "1-0"]
[ECO "A05"]
[WhiteElo "2177"]
[BlackElo "2235"]
[Annotator "NA"]
[PlyCount "106"]
[EventDate "2019.09.07"]
[EventType "tourn"]
[EventCountry "POR"]
[SourceTitle "playchess.com"]
[Source "ChessBase"]
[SourceQuality "1"]
[TimeControl "5400+30"]

1. Nf3 Nf6 2. g3 d5 3. Bg2 c5 4. O-O Nc6 5. d3 e5 6. Nc3 d4 7. Nb1 Bd6 8. e4 Bg4 9. h3 Bxf3 10. Bxf3 h6 11. a4 Qc7 12. Na3 a6 13. Nc4 O-O 14. a5 Nd7 15. Bg2 b5 16. axb6 Nxb6 17. Nxd6 Qxd6 18. f4 c4 19. Qg4 Qg6 20. Qf3 f6 21. Bd2 Qf7 22. Ra3 a5 23. Qg4 Kh8 24. Kh2 Qe7 25. Rfa1 a4 26. Bf1 Nb4 27. Qd1 Rac8 28. dxc4 exf4 29. gxf4 Nxc4 30. Bxb4 Qxb4 31. Rxa4 Qd2+ 32. Qxd2 Nxd2 33. Bd3 Rfe8 34. Kg2 Nxe4 35. Rxd4 Nc5 36. Bg6 Ne6 37. Rda4 Rf8 38. Re1 Nc5 39. Rc4 f5 40. Re5 Ne4 41. Rxc8 Rxc8 42. Rxf5 Nf6 43. Re5 Kg8 44. Kf3 Nd7 45. Re8+ Rxe8 46. Bxe8 Nb6 47. b3 Kf8 48. Bc6 Ke7 49. Be4 Kd6 50. Ke3 Kc5 51. c3 Nc8 52. Kd3 Nd6 53. Bg6 Nb5 1-0

[Event "POR-ch Absolute 2019"]
[Site "Portimao"]
[Date "2019.09.15"]
[Round "9.2"]
[White "Fidalgo, Andre Neves"]
[Black "Rocha, Sergio"]
[Result "1/2-1/2"]
[ECO "E06"]
[WhiteElo "2261"]
[BlackElo "2356"]
[Annotator "NA"]
[PlyCount "83"]
[EventDate "2019.09.07"]
[EventType "tourn"]
[EventCountry "POR"]
[SourceTitle "playchess.com"]
[Source "ChessBase"]
[SourceQuality "1"]
[TimeControl "5400+30"]

1. d4 Nf6 2. c4 e6 3. g3 d5 4. Nf3 Be7 5. Bg2 O-O 6. O-O dxc4 7. Qc2 b6 8. Ne5 Nd5 9. Nxc4 Bb7 10. a3 Nd7 11. e4 N5f6 12. Rd1 Qc8 13. Nc3 c5 14. d5 e5 15. f4 exf4 16. Bxf4 Ba6 17. Ne3 Nh5 18. Nf5 Re8 19. d6 Bf6 20. Nd5 Kh8 21. Nc7 Be5 22. Bxe5 Rxe5 23. Qa4 Bb7 24. Ne7 Qd8 25. Nxa8 Bxa8 26. Nc6 Bxc6 27. Qxc6 Nhf6 28. Re1 h5 29. Rad1 Qe8 30. Bh3 Kg8 31. Re3 Ng4 32. Bxg4 hxg4 33. Rde1 Qe6 34. Qa8+ Kh7 35. Qd8 Kg6 36. Qe7 Qxe7 37. dxe7 Rxe7 38. e5 Kf5 39. Rf1+ Kg5 40. Rfe1 Kf5 41. Rf1+ Kg5 42. Rfe1 1/2-1/2